 Dungeon Crawl Stone Soup version 0.30-a0-528-g8c47a4955b (webtiles) character file.

Game seed: 8514221069249237453

1742 experimilk the Destroyer (level 8, -4/62 HPs)
             Began as a White Draconian Conjurer on Dec 23, 2022.
             Slain by an ogre
             ... wielding a +0 giant club
              (20 damage)
             ... on level 6 of the Dungeon.
             The game lasted 00:12:35 (8430 turns).

experimilk the Destroyer (White Draconian Conjurer) Turns: 8430, Time: 00:12:35

Health: -4/62      AC:  7    Str: 10    XL:     8   Next: 77%
Magic:  3/16       EV: 12    Int: 20    God:
Gold:   282        SH:  0    Dex: 10    Spells: 9/18 levels left

rFire   . . .      SeeInvis .    a - +2 dagger (vamp)
rCold   + . .      Faith    .    (no shield)
rNeg    . . .      Spirit   .    (body armour unavailable)
rPois   .          Reflect  .    (helmet restricted)
rElec   .          Harm     .    (no cloak)
rCorr   .          Rampage  .    k - +0 pair of gloves
Will    .....                    (no boots)
Stlth   ++                       (no amulet)
HPRegen 0.30/turn                (no ring)
MPRegen 0.15/turn                (no ring)

@: about to teleport
A: breathe frost, AC +6, unfitting armour, cold resistance 1, cold-blooded
a: Breathe Frost


You were on level 6 of the Dungeon.
You visited 1 branch of the dungeon, and saw 6 of its levels.

You collected 282 gold pieces.

Inventory:

Hand Weapons
 a - a +2 vampiric dagger (weapon)
Missiles
 l - 25 stones
Armour
 k - a +0 pair of gloves (worn)
Wands
 i - a wand of paralysis (20)
 n - a wand of iceblast (11)
Scrolls
 b - a scroll of butterflies
 d - 2 scrolls of brand weapon
 f - a scroll of enchant weapon {unknown}
 g - 4 scrolls of teleportation
 h - a scroll of noise {unknown}
 m - 2 scrolls of amnesia {unknown}
Potions
 c - 2 potions of cancellation
 e - 4 potions of heal wounds {unknown}


   Skills:
 - Level 2.8 Fighting
 - Level 1.7 Dodging
 - Level 1.7 Stealth
 + Level 5.7 Spellcasting
 - Level 9.0 Conjurations
 + Level 4.3 Necromancy


You had 9 spell levels left.
You knew the following spells:

 Your Spells              Type           Power      Damage    Failure   Level
a - Magic Dart            Conj           100%       1d8       1%          1
r - Cigotuvi's Dreadful   Necr/Pois/Air  22%        N/A       9%          2
x - Iskenderun's Mystic   Conj/Tloc      23%        2d6       17%         4
z - Searing Ray           Conj           82%        2d7       1%          2

Your spell library contained the following spells:

 Spells                   Type           Power      Damage    Failure   Level
 Momentum Strike          Conj/Tloc      46%        3d9       2%          2
 Dazzling Flash           Conj/Hex       46%        N/A       4%          3
 Blink                    Tloc           10%        N/A       16%         2
 Fulminant Prism          Conj/Hex       11%        3d9       17%         4
 Dispel Undead            Necr           23%        3d12      19%         4
 Lesser Beckoning         Tloc           10%        N/A       32%         3
 Portal Projectile        Hex/Tloc       10%        N/A       32%         3
 Tukima's Dance           Hex            5%         N/A       32%         3
 Death Channel            Necr           11%        N/A       95%         6
 Blade Hands              Tmut           2%         N/A       96%         5


Dungeon Overview and Level Annotations

Branches:
Dungeon (6/15)
 Temple: D:4-7

Altars:
Hepliaklqana
Sif Muna

Shops:
D:1 (

Annotations:
D:6 Pikel


Innate Abilities, Weirdness & Mutations

You can breathe waves of freezing cold which knock back foes.
Your icy white scales are hard. (AC +6)
You cannot fit into any form of body armour.
Your flesh is cold resistant. (rC+)
You are cold-blooded and may be slowed by cold attacks.


Message History

Unknown command.
You miss Pikel.
Your tail-slap misses Pikel.
Pikel is heavily wounded.
The lemure barely misses you.
Pikel hits you with a +2 whip of flaming.
Pikel burns you.
Unknown command.
Casting: Iskenderun's Mystic Blast (dangerous; 17% risk of failure)
Confirm with . or Enter, or press ? or * to list all spells.
You erupt in a blast of force!
The mystic blast hits Pikel.
Pikel is heavily wounded.
Pikel is knocked back by the mystic blast.
The mystic blast hits the lemure!
The lemure is heavily wounded.
The lemure is knocked back by the mystic blast.
The lemure slams into the rock wall!
The mystic blast hits the lemure!
The lemure is moderately wounded.
The lemure is knocked back by the mystic blast.
The lemure slams into the rock wall!
The lemure is heavily wounded.
The mystic blast hits the ogre.
The ogre is severely wounded.
The ogre hits you with a +0 giant club!!
* * * LOW HITPOINT WARNING * * *
Unknown command.
As you read the scroll of teleportation, it crumbles to dust.
You feel strangely unstable. The lemure hits you.
* * * LOW HITPOINT WARNING * * *
The lemure closely misses you.
Unknown command.
Casting: Iskenderun's Mystic Blast (dangerous; 17% risk of failure)
Confirm with . or Enter, or press ? or * to list all spells.
You don't have enough magic to cast this spell.
You feel better.
Pikel hits you with a +2 whip of flaming.
* * * LOW HITPOINT WARNING * * *
Pikel burns you.
* * * LOW HITPOINT WARNING * * *
The ogre hits you with a +0 giant club!!
You die...

...#####.#######
#...............
#.#####..##.####
#.............. .
#.####....#..##..
#.####...........
##......5.#.......
.........5#........
###..###5K@........
......[...5O.......
.....###..##.....##
... #..# #...## .
..... ...# ###..##
...# #... .#...
...# ####..#
#..##... (..


You could see Pikel, an ogre and 4 lemures.

Vanquished Creatures
  Grinder (D:4)
  A water moccasin (D:6)
  2 ice beasts (D:4)
  3 ogres
  A black bear (D:6)
  A phantom (D:5)
  A bullfrog (D:6)
  2 necrophages
  2 scorpions (D:5)
  An orc priest (D:4)
  4 hounds
  Natasha (thrice) (D:4)
  2 iguanas
  2 orc wizards
  Robin (D:2)
  3 gnolls (D:4)
  4 adders
  An ufetubus (D:5)
  4 worms
  2 dart slugs
  14 orcs
  9 endoplasms
  11 giant cockroaches
  10 goblins
  4 hobgoblins
  7 jackals
  7 quokkas
  9 ball pythons
  9 bats
  3 frilled lizards
  8 kobolds
  11 rats
143 creatures vanquished.

Vanquished Creatures (others)
  A plant (D:3)
1 creature vanquished.

Grand Total: 144 creatures vanquished

Notes
Turn   | Place    | Note
-------+----------+-------------------------------------------
     0 | D:1      | experimilk the Draconian Conjurer began the quest for the
                  | Orb.
     0 | D:1      | Reached XP level 1. HP: 14/14 MP: 3/3
   247 | D:1      | Reached XP level 2. HP: 20/20 MP: 1/5
   250 | D:1      | Learned a level 2 spell: Searing Ray
   958 | D:1      | Found Neman's Weapon Shoppe.
  1470 | D:1      | Reached XP level 3. HP: 23/26 MP: 3/6
  2087 | D:2      | Noticed Robin
  2096 | D:2      | Killed Robin
  2097 | D:2      | Reached skill level 5 in Conjurations
  2585 | D:2      | Reached XP level 4. HP: 33/33 MP: 6/8
  2988 | D:2      | Identified the +0 ring mail of Wuquadaapt {Int+5}
  3175 | D:2      | You fall into a shaft and drop 1 floor!
  3212 | D:3      | Found a shimmering blue altar of Sif Muna.
  3427 | D:3      | Noticed an ogre
  3434 | D:3      | Killed an ogre
  3435 | D:3      | Reached skill level 6 in Conjurations
  3435 | D:3      | Reached XP level 5. HP: 20/38 MP: 1/9
  4585 | D:4      | Reached XP level 6. HP: 45/45 MP: 3/10
  4672 | D:4      | Noticed an ice beast
  4676 | D:4      | Killed an ice beast
  4677 | D:4      | Reached skill level 7 in Conjurations
  4730 | D:4      | Noticed Natasha
  4732 | D:4      | Killed Natasha
  4765 | D:4      | Noticed Grinder
  4773 | D:4      | Paralysed by Grinder for 3 turns
  4776 | D:4      | Killed Grinder
  4777 | D:4      | Reached skill level 8 in Conjurations
  4777 | D:4      | Your scales start taking on an icy white colour.
  4777 | D:4      | Reached XP level 7. HP: 41/50 MP: 0/11
  4777 | D:4      | Gained mutation: Your flesh is cold resistant. (rC+) [White
                  | Draconian growth]
  5070 | D:4      | Noticed Natasha
  5074 | D:4      | Killed Natasha
  5201 | D:4      | Reached skill level 9 in Conjurations
  5323 | D:4      | Reached skill level 1 in Fighting
  5880 | D:4      | Noticed Natasha
  5884 | D:4      | Killed Natasha
  5885 | D:4      | Reached XP level 8. HP: 56/62 MP: 8/13
  6181 | D:4      | Learned a level 2 spell: Cigotuvi's Dreadful Rot
  6186 | D:4      | Learned a level 4 spell: Iskenderun's Mystic Blast
  6187 | D:5      | Entered Level 5 of the Dungeon
  6187 | D:5      | Found a hazy altar of Hepliaklqana.
  6211 | D:5      | Reached skill level 1 in Necromancy
  6957 | D:5      | Reached skill level 5 in Spellcasting
  8419 | D:6      | Noticed Pikel
  8430 | D:6      | Slain by an ogre

Illustrated notes

Levels and vault maps discovered:
D:1:      mrwooster_arrival_statue_2, layout_loops_cross, serial_shops,
          nicolae_shop_stone
D:2:      layout_basic, uniq_robin
D:3:      minmay_roachtagon, layout_basic, mainiacjoe_overflow_catwalk,
          portal_sewer_entry_b, serial_bayou_pond_a
D:4:      layout_loops_corners, uniq_grinder, uniq_natasha
D:5:      layout_layer_cave, lemuel_crystal_altar, corexii_corridor_pit,
          minmay_hedge_maze
D:6:      layout_loops_ring, temple_fountains, dk_noncrumbling_3, uniq_pikel

Skill      XL: |  1  2  3  4  5  6  7  8 |
---------------+-------------------------+-----
Conjurations   | 5 6 8 9 |  9.0
Spellcasting   | 3 5 |  5.7
Fighting       | 2 |  2.8
Necromancy     | 4 |  4.3
Dodging        | |  1.7
Stealth        | |  1.7

Action                   |  1- 3 |  4- 6 |  7- 9 || total
-------------------------+-------+-------+-------++-------
Melee: Short sword       |     4 |    16 |       ||    20
       Tailslap          |       |     5 |       ||     5
       Dagger            |       |    75 |     2 ||    77
 Cast: Magic Dart        |    54 |    28 |    67 ||   149
       Searing Ray       |    13 |    23 |    32 ||    68
       Iskenderun's Myst |       |       |     4 ||     4
 Abil: Breathe Frost     |       |       |     5 ||     5
  Use: Potion            |     1 |       |     2 ||     3
       Scroll            |       |     1 |     5 ||     6
Armor: Skin              |    10 |    60 |     4 ||    74
Dodge: Dodged            |    14 |   111 |    14 ||   139

Table legend: (Time is in decaauts)
 A = Elapsed time spent in this place.
 B = Non-inter-level travel time spent in this place.
 C = Inter-level travel time spent in this place.
 D = Time resting spent in this place.
 E = Time spent auto-exploring this place.
 F = Levels seen in this place.
 G = Mean time per level.
                   A        B        C        D        E       F      G
               +--------+--------+--------+--------+--------+-----+--------+
         Total |   8437 |   8190 |    247 |   1586 |   5803 |   6 | 1406.2 |
       Dungeon |   8437 |   8190 |    247 |   1586 |   5803 |   6 | 1406.2 |
               +--------+--------+--------+--------+--------+-----+--------+

Top non-repeatable levels by time:
     D:5: 1986 daAuts
     D:1: 1958 daAuts
     D:4: 1883 daAuts
     D:2: 1380 daAuts
     D:3: 1013 daAuts
     D:6: 215 daAuts
